[ AOE2 MATCH · #471297273 ]
Team RMPoles vs Malay
[ REPLAY ANALYSIS · EXTRACTED FROM THE RECORDED GAME ]
Feudal
11:44
Castle
18:27
Imperial
—
| APM avg | 22.4 |
| APM peak | 43 |
| eAPM avg | 10.5 |
| Villagers / military | 43 / 23 |
Focus
⚔️ 21.4% · 🌾 78.6%
Spearman ×9 · Fishing Ship ×8 · Unknown (2626) ×6 · Fire Galley ×6 · Scout Cavalry ×3 · Monk ×2
Feudal
9:58
Castle
15:23
Imperial
—
| APM avg | 16.0 |
| APM peak | 37 |
| eAPM avg | 11.4 |
| Villagers / military | 60 / 17 |
Focus
⚔️ 17.1% · 🌾 82.9%
Camel Scout ×15 · Fishing Ship ×8 · Spearman ×1 · Scout Cavalry ×1
Feudal
12:28
Castle
19:07
Imperial
—
| APM avg | 17.2 |
| APM peak | 33 |
| eAPM avg | 11.6 |
| Villagers / military | 65 / 16 |
Focus
⚔️ 18.4% · 🌾 81.6%
Fishing Ship ×20 · Galley ×16
Feudal
17:19
Castle
21:28
Imperial
—
| APM avg | 16.0 |
| APM peak | 30 |
| eAPM avg | 9.3 |
| Villagers / military | 66 / 7 |
Focus
⚔️ 16.7% · 🌾 83.3%
Fishing Ship ×8 · Spearman ×7
Feudal
13:37
Castle
17:35
Imperial
—
| APM avg | 54.5 |
| APM peak | 92 |
| eAPM avg | 19.4 |
| Villagers / military | 56 / 14 |
Focus
⚔️ 22.7% · 🌾 77.3%
Unknown (1944) ×17 · Fishing Ship ×15 · Scorpion ×8 · Battering Ram ×4 · Galley ×1 · Monk ×1
Feudal
—
Castle
—
Imperial
—
| APM avg | 0.1 |
| APM peak | 3 |
| eAPM avg | 0.1 |
| Villagers / military | 0 / 0 |
Feudal
13:08
Castle
22:29
Imperial
—
| APM avg | 28.0 |
| APM peak | 43 |
| eAPM avg | 16.1 |
| Villagers / military | 64 / 67 |
Focus
⚔️ 42.2% · 🌾 57.8%
Fishing Ship ×38 · Unknown (2626) ×36 · Fire Galley ×32 · Longboat ×26 · Militia ×7 · Galley ×1
Feudal
12:44
Castle
21:39
Imperial
—
| APM avg | 18.0 |
| APM peak | 45 |
| eAPM avg | 8.6 |
| Villagers / military | 27 / 24 |
Focus
⚔️ 32.7% · 🌾 67.3%
Fishing Ship ×14 · Spearman ×14 · Unknown (2626) ×13 · Elephant Archer ×10
Match map
Initial resources + every placement click. Lines = walls · curves = elevation contours. ◆ gold · ⬟ stone · ● berries · ✦ relic · ◌ wall gap
Your base· Open
Bananananna8's base· Open
MartinusV's base· ✓ Map-separated
ZaikomaZ's base· ✓ Map-separated
WING123456's base· ✓ Map-separated
vuphonghai1988vph's base· ✓ Map-separated
DuDu's base· ✓ Map-separated
vereskunov2's base· ✓ Map-separated
Smoothed initial terrain · ◌ = detected wall gap · hover for details
Inputs per minute
— abbsy23 - - Bananananna8
Build order — abbsy23
131 actions detected in the replay
| 1:09 | Build | Dock |
| 2:57 | Build | Town Center |
| 3:48 | Build | House |
| 3:49 | Build | House |
| 3:54 | Create | Villager (Male) |
| 3:55 | Create | Villager (Male) |
| 3:55 | Create | Villager (Male) |
| 4:02 | Build | House |
| 4:04 | Build | House |
| 4:09 | Create | Villager (Male) |
| 4:10 | Create | Villager (Male) |
| 4:42 | Create | Villager (Male) |
| 4:43 | Create | Villager (Male) |
| 5:02 | Create | Villager (Male) |
| 5:32 | Create | Villager (Male) |
| 5:32 | Create | Villager (Male) |
| 5:45 | Research | Loom |
| 5:53 | Create | Fishing Ship |
| 6:01 | Create | Villager (Male) |
| 6:01 | Create | Villager (Male) |
| 6:17 | Create | Villager (Male) |
| 6:27 | Create | Fishing Ship |
| 6:58 | Create | Villager (Male) |
| 6:59 | Create | Villager (Male) |
| 7:10 | Create | Fishing Ship |
| 7:16 | Create | Fishing Ship |
| 7:18 | Create | Fishing Ship |
| 8:15 | Build | Barracks |
| 8:27 | Create | Fishing Ship |
| 8:31 | Create | Villager (Male) |
| 9:34 | Research | Feudal Age |
| 9:46 | Build | Mining Camp |
| 10:17 | Build | Dock |
| 10:29 | Create | Villager (Male) |
| 10:29 | Create | Villager (Male) |
| 10:30 | Create | Villager (Male) |
| 10:30 | Create | Villager (Male) |
| 11:44 | Age | Feudal Age |
| 11:53 | Research | Double-Bit Axe |
| 11:59 | Create | Unit 2626 |
| 12:00 | Create | Unit 2626 |
| 12:01 | Create | Unit 2626 |
| 12:01 | Create | Unit 2626 |
| 12:19 | Build | Stable |
| 12:36 | Build | Mill |
| 13:03 | Create | Villager (Male) |
| 13:04 | Create | Villager (Male) |
| 13:16 | Create | Fishing Ship |
| 13:18 | Create | Fishing Ship |
| 13:36 | Create | Scout Cavalry |
| 13:37 | Create | Scout Cavalry |
| 14:15 | Build | Blacksmith |
| 14:23 | Build | Farm |
| 14:23 | Build | Farm |
| 14:23 | Build | Farm |
| 14:23 | Build | Farm |
| 14:24 | Build | Farm |
| 15:05 | Create | Fire Galley |
| 15:05 | Create | Fire Galley |
| 15:12 | Build | Farm |
| 15:43 | Build | Mining Camp |
| 15:47 | Research | Castle Age |
| 16:01 | Create | Villager (Male) |
| 16:02 | Create | Villager (Male) |
| 16:05 | Build | House |
| 16:06 | Build | House |
| 16:06 | Build | House |
| 16:06 | Build | House |
| 16:07 | Build | House |
| 16:07 | Build | House |
| 16:07 | Build | House |
| 16:07 | Build | House |
| 16:54 | Research | Wheelbarrow |
| 17:35 | Create | Fire Galley |
| 17:36 | Create | Fire Galley |
| 17:37 | Create | Fire Galley |
| 17:37 | Create | Fire Galley |
| 18:23 | Create | Unit 2626 |
| 18:24 | Create | Unit 2626 |
| 18:27 | Age | Castle Age |
| 18:33 | Create | Scout Cavalry |
| 18:38 | Create | Spearman |
| 18:39 | Create | Spearman |
| 18:42 | Create | Knight |
| 19:53 | Build | Market |
| 20:29 | Build | Castle |
| 20:57 | Build | Town Center |
| 21:57 | Create | Villager (Male) |
| 21:58 | Create | Villager (Male) |
| 21:58 | Create | Villager (Male) |
| 21:59 | Create | Villager (Male) |
| 21:59 | Create | Villager (Male) |
| 22:00 | Create | Villager (Male) |
| 22:17 | Build | Dock |
| 22:21 | Create | Monk |
| 22:21 | Create | Monk |
| 22:43 | Build | Mining Camp |
| 23:06 | Build | Siege Workshop |
| 23:33 | Build | Lumber Camp |
| 24:37 | Create | Spearman |
| 24:37 | Create | Spearman |
| 24:37 | Create | Spearman |
| 24:42 | Build | Farm |
| 24:42 | Build | Farm |
| 24:42 | Build | Farm |
| 24:43 | Build | Farm |
| 24:43 | Build | Farm |
| 25:51 | Build | Mining Camp |
| 25:53 | Create | Villager (Male) |
| 25:54 | Create | Villager (Male) |
| 25:54 | Create | Villager (Male) |
| 25:55 | Create | Villager (Male) |
| 25:55 | Research | Hand Cart |
| 25:56 | Create | Villager (Male) |
| 25:56 | Create | Villager (Male) |
| 25:56 | Create | Villager (Male) |
| 26:33 | Build | University |
| 27:03 | Research | Gold Mining |
| 27:08 | Create | Villager (Male) |
| 27:08 | Create | Villager (Male) |
| 27:57 | Create | Spearman |
| 27:57 | Create | Spearman |
| 28:02 | Build | Farm |
| 28:04 | Create | Villager (Male) |
| 28:04 | Create | Villager (Male) |
| 28:35 | Create | Battering Ram |
| 28:36 | Create | Battering Ram |
| 28:47 | Create | Spearman |
| 28:47 | Create | Spearman |
| 28:50 | Create | Villager (Male) |
| 28:50 | Create | Villager (Male) |
Build order — Bananananna8
First 150 of 167 actions detected
| 1:14 | Build | Dock |
| 1:21 | Build | House |
| 1:22 | Build | House |
| 2:11 | Create | Fishing Ship |
| 2:29 | Build | Town Center |
| 2:47 | Create | Fishing Ship |
| 3:38 | Create | Villager (Male) |
| 3:38 | Create | Villager (Male) |
| 3:39 | Create | Villager (Male) |
| 3:39 | Create | Villager (Male) |
| 4:07 | Create | Fishing Ship |
| 4:44 | Create | Villager (Male) |
| 4:52 | Create | Fishing Ship |
| 5:01 | Build | House |
| 5:21 | Create | Villager (Male) |
| 5:48 | Create | Villager (Male) |
| 5:50 | Create | Villager (Male) |
| 5:52 | Create | Fishing Ship |
| 6:39 | Create | Fishing Ship |
| 6:40 | Create | Villager (Male) |
| 7:02 | Build | House |
| 7:15 | Research | Loom |
| 7:27 | Research | Feudal Age |
| 8:02 | Build | Mining Camp |
| 8:38 | Build | Mill |
| 8:51 | Create | Fishing Ship |
| 9:28 | Create | Villager (Male) |
| 9:37 | Build | Lumber Camp |
| 9:58 | Age | Feudal Age |
| 10:10 | Build | Market |
| 10:21 | Create | Villager (Male) |
| 10:37 | Research | Double-Bit Axe |
| 10:53 | Build | Mining Camp |
| 11:07 | Build | Blacksmith |
| 11:16 | Create | Villager (Male) |
| 11:22 | Build | Mining Camp |
| 11:37 | Build | House |
| 11:43 | Create | Villager (Male) |
| 11:54 | Create | Fishing Ship |
| 12:43 | Research | Castle Age |
| 12:43 | Research | Castle Age |
| 13:03 | Build | Barracks |
| 13:18 | Build | House |
| 13:35 | Create | Villager (Male) |
| 13:45 | Build | House |
| 14:02 | Create | Spearman |
| 15:23 | Age | Castle Age |
| 15:25 | Build | Stable |
| 15:28 | Create | Villager (Male) |
| 15:43 | Research | Bow Saw |
| 15:46 | Create | Villager (Male) |
| 16:06 | Research | Pikeman (upgrade) |
| 16:09 | Research | Forging |
| 16:33 | Create | Camel Scout |
| 16:37 | Create | Villager (Male) |
| 16:53 | Build | Town Center |
| 16:59 | Create | Camel Scout |
| 17:01 | Create | Villager (Male) |
| 17:01 | Create | Villager (Male) |
| 17:27 | Create | Villager (Male) |
| 18:10 | Create | Scout Cavalry |
| 18:12 | Create | Villager (Male) |
| 18:14 | Research | Town Watch |
| 18:23 | Build | Town Center |
| 18:29 | Build | Farm |
| 18:29 | Build | Farm |
| 18:29 | Build | Farm |
| 18:29 | Build | Farm |
| 18:30 | Build | Farm |
| 18:33 | Create | Villager (Male) |
| 18:37 | Build | House |
| 19:04 | Create | Villager (Male) |
| 19:05 | Create | Villager (Male) |
| 19:08 | Build | Farm |
| 19:10 | Create | Villager (Male) |
| 19:23 | Create | Villager (Male) |
| 19:23 | Create | Villager (Male) |
| 19:36 | Create | Camel Scout |
| 19:36 | Create | Camel Scout |
| 19:45 | Create | Villager (Male) |
| 19:52 | Build | Farm |
| 20:13 | Research | Scale Barding Armor |
| 20:27 | Create | Villager (Male) |
| 20:30 | Build | Farm |
| 20:30 | Build | Farm |
| 20:31 | Build | Farm |
| 20:36 | Research | Horse Collar |
| 20:52 | Create | Villager (Male) |
| 20:52 | Create | Villager (Male) |
| 21:07 | Build | Farm |
| 21:07 | Build | Farm |
| 21:07 | Build | Farm |
| 21:12 | Create | Villager (Male) |
| 21:12 | Create | Villager (Male) |
| 21:29 | Create | Camel Scout |
| 21:30 | Create | Camel Scout |
| 21:38 | Build | Stable |
| 21:55 | Create | Villager (Male) |
| 21:55 | Create | Villager (Male) |
| 21:57 | Create | Villager (Male) |
| 21:58 | Create | Villager (Male) |
| 22:23 | Research | Bloodlines |
| 22:35 | Create | Villager (Male) |
| 22:35 | Create | Villager (Male) |
| 22:38 | Build | House |
| 22:41 | Build | House |
| 22:42 | Build | House |
| 22:46 | Build | House |
| 22:48 | Create | Villager (Male) |
| 22:48 | Create | Villager (Male) |
| 23:30 | Research | Husbandry |
| 23:31 | Create | Camel Scout |
| 23:31 | Create | Camel Scout |
| 23:40 | Build | Farm |
| 23:57 | Build | Castle |
| 24:00 | Create | Camel Scout |
| 24:01 | Create | Camel Scout |
| 24:08 | Create | Villager (Male) |
| 24:09 | Create | Villager (Male) |
| 24:09 | Create | Villager (Male) |
| 24:11 | Research | Wheelbarrow |
| 24:23 | Build | House |
| 24:23 | Build | House |
| 24:25 | Build | House |
| 24:33 | Create | Villager (Male) |
| 24:33 | Create | Villager (Male) |
| 24:42 | Build | Farm |
| 24:48 | Build | Farm |
| 24:49 | Build | Farm |
| 24:49 | Build | Farm |
| 24:49 | Build | Farm |
| 25:08 | Create | Camel Scout |
| 25:08 | Create | Camel Scout |
| 25:11 | Create | Villager (Male) |
| 25:11 | Create | Villager (Male) |
| 25:13 | Research | Gold Mining |
| 25:34 | Create | Villager (Male) |
| 25:34 | Create | Villager (Male) |
| 25:49 | Build | Town Center |
| 26:02 | Create | Camel Scout |
| 26:02 | Create | Camel Scout |
| 26:14 | Create | Villager (Male) |
| 26:15 | Create | Villager (Male) |
| 26:15 | Create | Villager (Male) |
| 26:16 | Create | Villager (Male) |
| 26:16 | Create | Villager (Male) |
| 27:07 | Build | Castle |
| 27:11 | Create | Camel Scout |
| 27:29 | Build | Farm |
| 27:29 | Build | Farm |
Build order — MartinusV
First 150 of 169 actions detected
| 1:50 | Build | Town Center |
| 2:43 | Research | Loom |
| 2:48 | Build | House |
| 2:50 | Build | House |
| 3:13 | Create | Villager (Male) |
| 3:13 | Create | Villager (Male) |
| 3:14 | Create | Villager (Male) |
| 3:14 | Create | Villager (Male) |
| 3:35 | Build | Dock |
| 4:01 | Create | Villager (Male) |
| 4:15 | Create | Fishing Ship |
| 4:30 | Create | Villager (Male) |
| 4:36 | Create | Fishing Ship |
| 5:09 | Build | Palisade Gate |
| 5:14 | Build | Palisade Wall |
| 5:17 | Create | Villager (Male) |
| 5:17 | Create | Villager (Male) |
| 5:25 | Create | Fishing Ship |
| 5:41 | Build | House |
| 5:50 | Build | Palisade Wall |
| 6:16 | Create | Fishing Ship |
| 6:29 | Create | Villager (Male) |
| 6:30 | Create | Villager (Male) |
| 6:50 | Build | Dock |
| 6:56 | Create | Villager (Male) |
| 7:08 | Build | Lumber Camp |
| 7:22 | Build | House |
| 7:31 | Create | Fishing Ship |
| 7:43 | Create | Fishing Ship |
| 7:43 | Create | Fishing Ship |
| 7:57 | Create | Villager (Male) |
| 7:57 | Create | Villager (Male) |
| 8:02 | Build | House |
| 8:06 | Build | House |
| 8:17 | Create | Fishing Ship |
| 8:42 | Create | Villager (Male) |
| 8:42 | Create | Villager (Male) |
| 8:53 | Build | Dock |
| 9:17 | Build | Mining Camp |
| 9:23 | Create | Fishing Ship |
| 9:27 | Create | Fishing Ship |
| 9:42 | Create | Villager (Male) |
| 9:42 | Create | Villager (Male) |
| 9:52 | Create | Fishing Ship |
| 9:53 | Create | Fishing Ship |
| 10:22 | Create | Fishing Ship |
| 10:24 | Create | Fishing Ship |
| 10:26 | Create | Fishing Ship |
| 10:33 | Create | Villager (Male) |
| 10:39 | Build | House |
| 10:40 | Build | House |
| 10:42 | Build | House |
| 11:10 | Research | Feudal Age |
| 11:10 | Research | Feudal Age |
| 11:23 | Build | House |
| 11:25 | Build | House |
| 11:27 | Build | House |
| 11:33 | Build | House |
| 11:38 | Build | House |
| 12:16 | Create | Fishing Ship |
| 12:16 | Create | Fishing Ship |
| 12:20 | Create | Fishing Ship |
| 12:20 | Create | Fishing Ship |
| 12:26 | Create | Fishing Ship |
| 12:28 | Age | Feudal Age |
| 12:31 | Create | Villager (Male) |
| 12:31 | Create | Villager (Male) |
| 12:32 | Create | Villager (Male) |
| 12:32 | Create | Villager (Male) |
| 12:32 | Create | Villager (Male) |
| 12:47 | Build | Gate |
| 12:54 | Build | Stone Wall |
| 13:00 | Research | Double-Bit Axe |
| 13:06 | Research | Gold Mining |
| 13:21 | Create | Galley |
| 13:28 | Create | Galley |
| 13:36 | Create | Villager (Male) |
| 13:36 | Create | Villager (Male) |
| 13:50 | Research | Wheelbarrow |
| 13:53 | Create | Galley |
| 14:27 | Build | Mill |
| 14:50 | Create | Galley |
| 14:50 | Create | Galley |
| 14:51 | Create | Galley |
| 14:51 | Create | Galley |
| 15:20 | Build | Blacksmith |
| 15:23 | Research | Town Watch |
| 15:32 | Create | Galley |
| 15:41 | Create | Galley |
| 15:46 | Create | Galley |
| 16:15 | Create | Galley |
| 16:27 | Build | Palisade Wall |
| 16:29 | Research | Fletching |
| 16:32 | Create | Villager (Male) |
| 16:33 | Create | Villager (Male) |
| 16:38 | Build | Market |
| 16:58 | Build | Lumber Camp |
| 17:04 | Build | Mining Camp |
| 17:15 | Create | Galley |
| 17:16 | Create | Galley |
| 17:16 | Create | Galley |
| 17:25 | Research | Castle Age |
| 17:56 | Create | Galley |
| 17:56 | Create | Galley |
| 18:13 | Build | Lumber Camp |
| 18:24 | Research | Stone Mining |
| 19:07 | Age | Castle Age |
| 19:10 | Create | Villager (Male) |
| 19:10 | Create | Villager (Male) |
| 19:10 | Create | Villager (Male) |
| 19:10 | Create | Villager (Male) |
| 19:47 | Build | Town Center |
| 20:07 | Build | House |
| 20:08 | Build | House |
| 20:09 | Build | House |
| 20:27 | Research | Bodkin Arrow |
| 20:46 | Research | War Galley (upgrade) |
| 20:49 | Research | Tech 906 |
| 20:52 | Create | Villager (Male) |
| 20:52 | Create | Villager (Male) |
| 21:03 | Create | Villager (Male) |
| 21:03 | Create | Villager (Male) |
| 21:03 | Create | Villager (Male) |
| 21:28 | Research | Gillnets |
| 21:41 | Create | Villager (Male) |
| 21:41 | Create | Villager (Male) |
| 21:41 | Create | Villager (Male) |
| 21:42 | Create | Villager (Male) |
| 21:42 | Create | Villager (Male) |
| 21:42 | Create | Villager (Male) |
| 22:12 | Build | Town Center |
| 22:45 | Create | Villager (Male) |
| 22:45 | Create | Villager (Male) |
| 22:46 | Create | Villager (Male) |
| 22:46 | Create | Villager (Male) |
| 23:22 | Build | Mining Camp |
| 24:12 | Build | Town Center |
| 24:18 | Create | Villager (Male) |
| 24:18 | Create | Villager (Male) |
| 24:18 | Create | Villager (Male) |
| 24:18 | Create | Villager (Male) |
| 24:19 | Create | Villager (Male) |
| 24:19 | Create | Villager (Male) |
| 24:31 | Create | Villager (Male) |
| 24:31 | Create | Villager (Male) |
| 24:31 | Create | Villager (Male) |
| 24:32 | Create | Villager (Male) |
| 24:32 | Create | Villager (Male) |
| 24:36 | Research | Bow Saw |
| 25:07 | Build | Town Center |
Build order — ZaikomaZ
First 150 of 158 actions detected
| 0:48 | Build | Mill |
| 3:59 | Build | Town Center |
| 4:47 | Build | Lumber Camp |
| 5:10 | Research | Loom |
| 5:11 | Research | Loom |
| 5:11 | Create | Villager (Male) |
| 5:11 | Create | Villager (Male) |
| 5:11 | Create | Villager (Male) |
| 5:12 | Create | Villager (Male) |
| 5:12 | Create | Villager (Male) |
| 5:12 | Create | Villager (Male) |
| 5:13 | Create | Villager (Male) |
| 5:13 | Create | Villager (Male) |
| 6:05 | Create | Villager (Male) |
| 6:05 | Create | Villager (Male) |
| 6:05 | Create | Villager (Male) |
| 6:22 | Build | House |
| 6:39 | Build | House |
| 6:51 | Create | Villager (Male) |
| 6:51 | Create | Villager (Male) |
| 7:58 | Build | Lumber Camp |
| 8:14 | Create | Villager (Male) |
| 8:14 | Create | Villager (Male) |
| 9:05 | Build | Mill |
| 9:11 | Create | Villager (Male) |
| 9:11 | Create | Villager (Male) |
| 9:11 | Create | Villager (Male) |
| 9:11 | Create | Villager (Male) |
| 9:55 | Build | House |
| 9:59 | Build | House |
| 10:14 | Build | Farm |
| 10:21 | Build | Farm |
| 10:25 | Create | Villager (Male) |
| 10:34 | Build | Farm |
| 10:37 | Create | Villager (Male) |
| 11:02 | Create | Villager (Male) |
| 11:18 | Build | Lumber Camp |
| 11:29 | Build | House |
| 11:42 | Create | Villager (Male) |
| 11:49 | Build | Farm |
| 11:52 | Create | Villager (Male) |
| 11:52 | Create | Villager (Male) |
| 12:16 | Build | Farm |
| 12:25 | Build | Farm |
| 12:44 | Build | Farm |
| 13:08 | Build | Dock |
| 13:17 | Create | Villager (Male) |
| 13:17 | Create | Villager (Male) |
| 13:23 | Build | Mining Camp |
| 13:30 | Create | Villager (Male) |
| 13:43 | Create | Fishing Ship |
| 13:43 | Create | Fishing Ship |
| 13:58 | Create | Villager (Male) |
| 14:04 | Create | Fishing Ship |
| 14:18 | Create | Villager (Male) |
| 14:24 | Build | House |
| 14:41 | Research | Feudal Age |
| 14:48 | Build | Farm |
| 14:55 | Create | Fishing Ship |
| 15:10 | Create | Fishing Ship |
| 15:19 | Build | Farm |
| 15:39 | Create | Villager (Male) |
| 15:39 | Create | Villager (Male) |
| 15:46 | Create | Fishing Ship |
| 16:53 | Create | Fishing Ship |
| 17:19 | Age | Feudal Age |
| 17:20 | Research | Double-Bit Axe |
| 17:21 | Research | Double-Bit Axe |
| 17:21 | Research | Double-Bit Axe |
| 17:24 | Research | Horse Collar |
| 17:24 | Research | Horse Collar |
| 17:32 | Build | Market |
| 17:36 | Build | Blacksmith |
| 17:48 | Create | Villager (Male) |
| 18:02 | Build | Farm |
| 18:04 | Create | Villager (Male) |
| 18:14 | Build | Farm |
| 18:16 | Create | Villager (Male) |
| 18:23 | Create | Fishing Ship |
| 18:40 | Build | Farm |
| 18:48 | Research | Castle Age |
| 18:48 | Research | Castle Age |
| 21:02 | Create | Villager (Male) |
| 21:03 | Create | Villager (Male) |
| 21:17 | Build | Barracks |
| 21:28 | Age | Castle Age |
| 21:38 | Create | Villager (Male) |
| 21:38 | Create | Villager (Male) |
| 21:41 | Research | Bow Saw |
| 21:41 | Research | Bow Saw |
| 21:44 | Research | Heavy Plow |
| 21:44 | Research | Heavy Plow |
| 21:55 | Build | Town Center |
| 22:00 | Create | Spearman |
| 22:01 | Create | Spearman |
| 22:01 | Create | Spearman |
| 22:12 | Build | Barracks |
| 22:32 | Build | House |
| 22:33 | Build | House |
| 22:34 | Build | House |
| 22:35 | Build | House |
| 22:40 | Research | Scale Mail Armor |
| 22:40 | Research | Scale Mail Armor |
| 22:55 | Research | Pikeman (upgrade) |
| 22:58 | Create | Spearman |
| 22:58 | Create | Spearman |
| 23:11 | Create | Villager (Male) |
| 23:11 | Create | Villager (Male) |
| 23:20 | Build | Archery Range |
| 23:30 | Create | Spearman |
| 23:31 | Create | Spearman |
| 23:45 | Research | Chain Mail Armor |
| 23:45 | Research | Chain Mail Armor |
| 23:46 | Research | Forging |
| 23:46 | Research | Forging |
| 24:32 | Build | Town Center |
| 24:49 | Create | Villager (Male) |
| 24:49 | Create | Villager (Male) |
| 24:50 | Create | Villager (Male) |
| 24:50 | Create | Villager (Male) |
| 25:02 | Build | Farm |
| 25:06 | Build | Farm |
| 25:09 | Build | Farm |
| 25:10 | Build | Farm |
| 25:32 | Create | Villager (Male) |
| 25:43 | Build | Farm |
| 26:22 | Create | Villager (Male) |
| 26:22 | Create | Villager (Male) |
| 26:23 | Create | Villager (Male) |
| 26:23 | Create | Villager (Male) |
| 26:25 | Create | Villager (Male) |
| 26:25 | Create | Villager (Male) |
| 26:26 | Create | Villager (Male) |
| 26:33 | Build | Mining Camp |
| 26:39 | Research | Stone Mining |
| 26:39 | Research | Stone Mining |
| 27:03 | Build | Lumber Camp |
| 27:06 | Create | Villager (Male) |
| 27:08 | Create | Villager (Male) |
| 27:12 | Build | Farm |
| 27:44 | Create | Villager (Male) |
| 27:44 | Create | Villager (Male) |
| 27:47 | Create | Villager (Male) |
| 28:19 | Build | Town Center |
| 28:23 | Create | Villager (Male) |
| 28:26 | Build | Farm |
| 28:28 | Create | Villager (Male) |
| 28:30 | Create | Villager (Male) |
| 28:30 | Create | Villager (Male) |
| 28:36 | Research | Gold Mining |
Build order — WING123456
First 150 of 182 actions detected
| 0:48 | Build | Dock |
| 0:51 | Build | House |
| 2:15 | Build | Town Center |
| 3:02 | Create | Villager (Male) |
| 3:03 | Create | Villager (Male) |
| 3:03 | Create | Villager (Male) |
| 3:03 | Create | Villager (Male) |
| 3:03 | Create | Villager (Male) |
| 3:04 | Create | Villager (Male) |
| 3:50 | Build | House |
| 3:54 | Create | Villager (Male) |
| 3:54 | Create | Villager (Male) |
| 4:04 | Create | Fishing Ship |
| 4:04 | Create | Fishing Ship |
| 4:04 | Create | Fishing Ship |
| 4:15 | Create | Villager (Male) |
| 4:15 | Create | Villager (Male) |
| 4:32 | Create | Fishing Ship |
| 4:32 | Create | Fishing Ship |
| 4:46 | Build | House |
| 4:51 | Research | Loom |
| 4:51 | Research | Loom |
| 5:33 | Create | Villager (Male) |
| 5:33 | Create | Villager (Male) |
| 5:34 | Create | Villager (Male) |
| 5:34 | Create | Villager (Male) |
| 5:34 | Create | Villager (Male) |
| 5:42 | Create | Fishing Ship |
| 5:42 | Create | Fishing Ship |
| 5:42 | Create | Fishing Ship |
| 5:42 | Create | Fishing Ship |
| 5:55 | Build | House |
| 6:06 | Create | Villager (Male) |
| 6:07 | Create | Villager (Male) |
| 6:21 | Create | Fishing Ship |
| 6:49 | Build | House |
| 7:04 | Create | Villager (Male) |
| 7:21 | Create | Villager (Male) |
| 7:22 | Create | Villager (Male) |
| 7:48 | Create | Villager (Male) |
| 7:49 | Create | Villager (Male) |
| 7:49 | Create | Villager (Male) |
| 7:49 | Create | Villager (Male) |
| 7:53 | Create | Villager (Male) |
| 8:07 | Create | Villager (Male) |
| 8:07 | Create | Villager (Male) |
| 8:16 | Create | Fishing Ship |
| 8:16 | Create | Fishing Ship |
| 8:16 | Create | Fishing Ship |
| 8:32 | Build | Lumber Camp |
| 8:41 | Build | Mill |
| 8:43 | Create | Villager (Male) |
| 9:03 | Build | House |
| 9:54 | Create | Villager (Male) |
| 9:55 | Create | Villager (Male) |
| 9:56 | Create | Villager (Male) |
| 9:56 | Create | Villager (Male) |
| 10:14 | Create | Fishing Ship |
| 10:42 | Build | House |
| 10:51 | Build | Mill |
| 11:01 | Create | Villager (Male) |
| 11:11 | Build | Mining Camp |
| 11:14 | Research | Feudal Age |
| 11:15 | Research | Feudal Age |
| 11:38 | Build | House |
| 12:41 | Create | Fishing Ship |
| 13:29 | Create | Villager (Male) |
| 13:31 | Create | Villager (Male) |
| 13:37 | Age | Feudal Age |
| 13:59 | Build | Blacksmith |
| 14:05 | Build | Market |
| 14:12 | Create | Villager (Male) |
| 14:41 | Research | Double-Bit Axe |
| 14:55 | Research | Castle Age |
| 14:55 | Research | Castle Age |
| 14:56 | Research | Castle Age |
| 15:02 | Research | Gold Mining |
| 15:20 | Build | Barracks |
| 15:25 | Research | Horse Collar |
| 15:32 | Research | Scale Barding Armor |
| 16:03 | Research | Tech 906 |
| 16:14 | Build | Stable |
| 16:16 | Build | Stable |
| 16:26 | Research | Forging |
| 17:10 | Research | Bloodlines |
| 17:28 | Build | House |
| 17:29 | Build | House |
| 17:31 | Build | House |
| 17:31 | Build | House |
| 17:35 | Age | Castle Age |
| 17:37 | Build | House |
| 17:54 | Create | Unit 1944 |
| 17:55 | Create | Unit 1944 |
| 17:55 | Create | Unit 1944 |
| 17:55 | Create | Unit 1944 |
| 17:58 | Create | Villager (Male) |
| 17:58 | Create | Villager (Male) |
| 17:59 | Create | Villager (Male) |
| 18:23 | Build | Town Center |
| 18:35 | Create | Villager (Male) |
| 18:46 | Create | Unit 1944 |
| 18:47 | Create | Unit 1944 |
| 18:58 | Create | Villager (Male) |
| 19:02 | Research | Bow Saw |
| 19:14 | Build | Town Center |
| 20:01 | Research | Wheelbarrow |
| 20:03 | Create | Villager (Male) |
| 20:04 | Create | Villager (Male) |
| 20:15 | Build | Siege Workshop |
| 20:18 | Create | Villager (Male) |
| 20:20 | Create | Villager (Male) |
| 20:21 | Create | Villager (Male) |
| 21:02 | Create | Galley |
| 21:24 | Research | Chain Barding Armor |
| 21:29 | Create | Battering Ram |
| 21:30 | Create | Battering Ram |
| 21:36 | Build | House |
| 21:37 | Build | House |
| 21:37 | Build | House |
| 21:48 | Build | Monastery |
| 22:07 | Create | Unit 1944 |
| 22:08 | Create | Unit 1944 |
| 22:08 | Create | Unit 1944 |
| 22:14 | Create | Battering Ram |
| 22:37 | Create | Villager (Male) |
| 22:38 | Create | Villager (Male) |
| 22:38 | Create | Villager (Male) |
| 22:39 | Create | Villager (Male) |
| 22:45 | Create | Villager (Male) |
| 22:46 | Create | Villager (Male) |
| 22:51 | Create | Battering Ram |
| 22:58 | Create | Monk |
| 24:44 | Create | Scorpion |
| 24:44 | Create | Scorpion |
| 25:12 | Create | Unit 1944 |
| 25:13 | Create | Unit 1944 |
| 25:13 | Create | Unit 1944 |
| 25:13 | Create | Unit 1944 |
| 25:13 | Create | Unit 1944 |
| 25:14 | Create | Unit 1944 |
| 25:14 | Create | Unit 1944 |
| 25:14 | Create | Unit 1944 |
| 25:37 | Build | Archery Range |
| 26:11 | Create | Scorpion |
| 26:12 | Create | Scorpion |
| 26:38 | Build | Farm |
| 26:38 | Build | Farm |
| 26:39 | Build | Farm |
| 26:39 | Build | Farm |
| 26:39 | Build | Farm |
Build order — vuphonghai1988vph
0 actions detected in the replay
Build order — DuDu
First 150 of 225 actions detected
| 1:51 | Build | Town Center |
| 2:16 | Build | Dock |
| 2:36 | Create | Villager (Male) |
| 2:37 | Create | Villager (Male) ×3 |
| 2:37 | Create | Villager (Male) ×3 |
| 2:40 | Build | House |
| 2:41 | Build | House |
| 3:29 | Create | Villager (Male) |
| 3:29 | Create | Villager (Male) |
| 3:29 | Create | Villager (Male) |
| 3:43 | Build | House |
| 4:08 | Create | Villager (Male) |
| 4:08 | Create | Villager (Male) |
| 4:28 | Create | Villager (Male) |
| 4:28 | Create | Villager (Male) |
| 4:32 | Create | Fishing Ship |
| 4:32 | Create | Fishing Ship |
| 4:32 | Create | Fishing Ship |
| 4:49 | Build | House |
| 4:52 | Build | House |
| 4:55 | Create | Villager (Male) |
| 4:55 | Create | Villager (Male) |
| 5:02 | Create | Villager (Male) |
| 5:03 | Create | Villager (Male) |
| 5:03 | Create | Villager (Male) |
| 5:40 | Create | Fishing Ship |
| 5:41 | Create | Fishing Ship |
| 5:45 | Create | Villager (Male) |
| 5:46 | Create | Villager (Male) |
| 6:14 | Create | Fishing Ship |
| 6:14 | Create | Fishing Ship |
| 6:15 | Create | Villager (Male) |
| 6:15 | Create | Villager (Male) |
| 6:17 | Research | Loom |
| 6:28 | Create | Fishing Ship |
| 6:28 | Create | Fishing Ship |
| 6:39 | Create | Fishing Ship |
| 6:39 | Create | Fishing Ship |
| 6:50 | Create | Villager (Male) |
| 6:50 | Create | Villager (Male) |
| 6:50 | Create | Villager (Male) |
| 7:16 | Create | Villager (Male) |
| 7:16 | Create | Villager (Male) |
| 7:22 | Create | Fishing Ship |
| 7:41 | Build | House |
| 7:43 | Build | House |
| 7:45 | Create | Villager (Male) |
| 7:46 | Create | Fishing Ship |
| 8:11 | Create | Villager (Male) |
| 8:22 | Build | Dock |
| 8:26 | Create | Fishing Ship |
| 8:29 | Create | Villager (Male) |
| 8:30 | Create | Villager (Male) |
| 8:38 | Build | Outpost |
| 8:42 | Build | Outpost |
| 9:07 | Create | Fishing Ship |
| 9:07 | Create | Fishing Ship |
| 9:44 | Build | Dock |
| 9:48 | Create | Villager (Male) |
| 10:14 | Build | Outpost |
| 10:22 | Create | Fishing Ship |
| 10:22 | Create | Fishing Ship |
| 10:24 | Create | Fishing Ship |
| 10:25 | Create | Fishing Ship |
| 10:32 | Create | Fishing Ship |
| 10:32 | Create | Fishing Ship |
| 10:33 | Create | Fishing Ship |
| 10:54 | Research | Feudal Age |
| 10:54 | Research | Feudal Age |
| 10:55 | Research | Feudal Age |
| 10:55 | Research | Feudal Age |
| 10:59 | Build | Outpost |
| 11:01 | Build | Outpost |
| 11:06 | Create | Villager (Male) |
| 11:06 | Create | Villager (Male) |
| 11:07 | Create | Villager (Male) |
| 11:13 | Build | House |
| 11:13 | Build | House |
| 11:13 | Build | House |
| 11:13 | Build | House |
| 11:19 | Build | House |
| 11:20 | Build | House |
| 11:24 | Build | Lumber Camp |
| 11:36 | Create | Fishing Ship |
| 11:37 | Create | Fishing Ship |
| 11:45 | Create | Villager (Male) |
| 11:46 | Research | Loom |
| 11:56 | Build | Mill |
| 12:23 | Build | Dock |
| 12:47 | Create | Fishing Ship |
| 12:55 | Create | Fishing Ship |
| 12:55 | Create | Fishing Ship |
| 13:08 | Age | Feudal Age |
| 13:21 | Create | Fire Galley ×2 |
| 13:23 | Create | Villager (Male) |
| 13:24 | Create | Villager (Male) |
| 13:26 | Research | Town Watch |
| 13:36 | Research | Double-Bit Axe |
| 13:46 | Create | Villager (Male) |
| 13:46 | Create | Villager (Male) |
| 13:49 | Create | Fire Galley |
| 13:49 | Create | Fire Galley |
| 14:14 | Research | Tech 906 |
| 14:23 | Create | Galley |
| 14:58 | Create | Unit 2626 ×3 |
| 15:01 | Create | Villager (Male) |
| 15:03 | Build | Blacksmith |
| 15:05 | Build | House |
| 15:08 | Create | Villager (Male) |
| 15:25 | Create | Villager (Male) |
| 15:30 | Build | Market |
| 16:11 | Create | Fire Galley ×3 |
| 16:35 | Create | Unit 2626 ×5 |
| 16:35 | Create | Unit 2626 ×5 |
| 16:36 | Create | Unit 2626 |
| 17:01 | Build | Mining Camp |
| 17:17 | Create | Villager (Male) |
| 17:17 | Create | Villager (Male) |
| 17:17 | Create | Villager (Male) |
| 17:36 | Create | Unit 2626 ×2 |
| 17:37 | Create | Unit 2626 ×2 |
| 17:39 | Create | Villager (Male) |
| 17:39 | Create | Villager (Male) |
| 17:44 | Research | Castle Age |
| 17:48 | Build | Barracks |
| 17:49 | Build | Barracks |
| 18:21 | Create | Fire Galley ×3 |
| 18:21 | Create | Fire Galley ×3 |
| 18:39 | Create | Fire Galley ×2 |
| 18:40 | Create | Fire Galley ×2 |
| 19:37 | Create | Fire Galley ×5 |
| 19:37 | Create | Unit 2626 ×5 |
| 19:53 | Build | Watch Tower |
| 20:03 | Create | Villager (Male) |
| 20:03 | Create | Villager (Male) |
| 20:08 | Research | Man-at-Arms (upgrade) |
| 20:09 | Research | Arson |
| 20:16 | Create | Fire Galley ×2 |
| 20:16 | Create | Unit 2626 ×3 |
| 20:36 | Create | Unit 2626 ×2 |
| 20:43 | Build | Lumber Camp |
| 20:45 | Build | Lumber Camp |
| 20:48 | Build | Lumber Camp |
| 20:57 | Build | House |
| 21:14 | Build | Dock |
| 21:43 | Build | House |
| 21:43 | Build | House |
| 21:44 | Build | House |
| 21:44 | Build | House |
| 21:44 | Build | House |
Build order — vereskunov2
117 actions detected in the replay
| 0:38 | Build | House |
| 1:26 | Build | Dock |
| 1:34 | Build | House |
| 2:35 | Create | Fishing Ship |
| 2:35 | Create | Fishing Ship |
| 2:35 | Create | Fishing Ship |
| 2:41 | Build | House |
| 4:31 | Build | Town Center |
| 5:22 | Create | Fishing Ship |
| 5:48 | Create | Villager (Male) |
| 5:48 | Create | Villager (Male) |
| 5:49 | Create | Villager (Male) |
| 5:49 | Create | Villager (Male) |
| 6:19 | Create | Fishing Ship |
| 6:19 | Create | Fishing Ship |
| 6:56 | Create | Villager (Male) |
| 6:56 | Create | Villager (Male) |
| 7:01 | Create | Fishing Ship |
| 7:37 | Create | Fishing Ship |
| 7:40 | Create | Fishing Ship |
| 8:13 | Create | Villager (Male) |
| 8:32 | Build | Mining Camp |
| 8:44 | Build | Barracks |
| 9:02 | Create | Fishing Ship |
| 9:19 | Create | Villager (Male) |
| 9:19 | Create | Villager (Male) |
| 9:28 | Research | Loom |
| 9:55 | Build | House |
| 10:01 | Research | Feudal Age |
| 10:15 | Create | Fishing Ship |
| 10:23 | Create | Fishing Ship |
| 10:42 | Build | House |
| 11:06 | Build | Dock |
| 11:18 | Build | House |
| 11:48 | Build | House |
| 12:40 | Create | Villager (Male) |
| 12:40 | Create | Villager (Male) |
| 12:44 | Age | Feudal Age |
| 12:49 | Build | Blacksmith |
| 13:02 | Build | Archery Range |
| 13:03 | Build | Archery Range |
| 13:28 | Create | Villager (Male) |
| 13:36 | Build | Mining Camp |
| 13:47 | Create | Villager (Male) |
| 13:54 | Create | Unit 2626 |
| 13:54 | Create | Unit 2626 |
| 13:58 | Create | Unit 2626 |
| 13:58 | Create | Unit 2626 |
| 14:25 | Create | Villager (Male) |
| 14:49 | Build | Mill |
| 14:57 | Create | Villager (Male) |
| 14:57 | Create | Villager (Male) |
| 16:02 | Create | Fishing Ship |
| 16:03 | Create | Fishing Ship |
| 17:03 | Create | Villager (Male) |
| 17:04 | Create | Villager (Male) |
| 17:32 | Create | Unit 2626 ×5 |
| 18:01 | Build | Market |
| 18:09 | Create | Villager (Male) |
| 18:09 | Create | Villager (Male) |
| 18:29 | Create | Unit 2626 |
| 18:29 | Create | Unit 2626 |
| 18:42 | Research | Tech 906 |
| 18:56 | Research | Castle Age |
| 19:01 | Research | Fletching |
| 19:09 | Research | Gold Mining |
| 19:18 | Create | Unit 2626 |
| 19:18 | Create | Unit 2626 |
| 19:39 | Build | Dock |
| 20:05 | Create | Spearman |
| 20:05 | Create | Spearman |
| 20:05 | Create | Spearman |
| 20:05 | Create | Spearman |
| 20:37 | Build | Barracks |
| 20:57 | Research | Double-Bit Axe |
| 21:39 | Age | Castle Age |
| 21:44 | Research | Thumb Ring |
| 21:45 | Create | Elephant Archer |
| 21:45 | Create | Elephant Archer |
| 21:48 | Research | Bodkin Arrow |
| 21:55 | Build | University |
| 22:00 | Create | Villager (Male) ×5 |
| 22:18 | Research | War Galley (upgrade) |
| 22:43 | Build | House |
| 22:45 | Build | House |
| 22:49 | Research | Pikeman (upgrade) |
| 22:52 | Create | Spearman |
| 22:53 | Create | Spearman |
| 22:58 | Build | House |
| 23:00 | Build | House |
| 23:04 | Create | Elephant Archer |
| 23:04 | Create | Elephant Archer |
| 23:06 | Research | Padded Archer Armor |
| 23:09 | Research | Forging |
| 23:13 | Research | Scale Mail Armor |
| 23:16 | Research | Ballistics |
| 23:20 | Create | Elephant Archer |
| 23:20 | Create | Elephant Archer |
| 24:09 | Create | Elephant Archer |
| 24:09 | Create | Elephant Archer |
| 24:14 | Research | Gambesons |
| 24:16 | Create | Spearman ×5 |
| 25:09 | Create | Spearman ×3 |
| 25:48 | Create | Elephant Archer |
| 25:48 | Create | Elephant Archer |
| 28:03 | Build | Farm |
| 28:03 | Build | Farm |
| 28:04 | Build | Farm |
| 28:04 | Build | Farm |
| 28:04 | Build | Farm |
| 28:05 | Build | Farm |
| 28:05 | Build | Farm |
| 28:05 | Build | Farm |
| 28:05 | Build | Farm |
| 28:05 | Build | Farm |
| 29:14 | Create | Villager (Male) |
| 29:15 | Create | Villager (Male) |
Match timeline
| 0:05 | vuphonghai1988vph · resign |
| 0:48 | WING123456 · first_building Dock |
| 1:09 | abbsy23 · first_building Dock |
| 1:14 | Bananananna8 · first_building Dock |
| 1:26 | vereskunov2 · first_building Dock |
| 2:16 | DuDu · first_building Dock |
| 3:35 | MartinusV · first_building Dock |
| 5:14 | MartinusV · wall_segment Palisade Wall x2 |
| 5:50 | MartinusV · wall_segment Palisade Wall x1 |
| 8:15 | abbsy23 · first_building Barracks |
| 8:44 | vereskunov2 · first_building Barracks |
| 9:58 | Bananananna8 · age_up feudal |
| 11:44 | abbsy23 · age_up feudal |
| 12:19 | abbsy23 · first_building Stable |
| 12:28 | MartinusV · age_up feudal |
| 12:44 | vereskunov2 · age_up feudal |
| 12:54 | MartinusV · wall_segment Stone Wall x3 |
| 13:02 | vereskunov2 · first_building Archery Range |
| 13:03 | Bananananna8 · first_building Barracks |
| 13:08 | ZaikomaZ · first_building Dock |
| 13:08 | DuDu · age_up feudal |
| 13:37 | WING123456 · age_up feudal |
| 15:20 | WING123456 · first_building Barracks |
| 15:23 | Bananananna8 · age_up castle |
| 15:25 | Bananananna8 · first_building Stable |
| 16:14 | WING123456 · first_building Stable |
| 16:27 | MartinusV · wall_segment Palisade Wall x1 |
| 17:19 | ZaikomaZ · age_up feudal |
| 17:35 | WING123456 · age_up castle |
| 17:42 | DuDu · first_market_sell 500 food |
| 17:48 | DuDu · first_building Barracks |
| 18:27 | abbsy23 · age_up castle |
| 18:52 | vereskunov2 · first_market_sell 100 stone |
| 19:07 | MartinusV · age_up castle |
| 20:15 | WING123456 · first_building Siege Workshop |
| 20:29 | abbsy23 · first_building Castle |
| 20:53 | abbsy23 · first_market_buy 100 wood |
| 21:17 | ZaikomaZ · first_building Barracks |
| 21:28 | ZaikomaZ · age_up castle |
| 21:39 | vereskunov2 · age_up castle |
| 21:48 | WING123456 · first_building Monastery |
| 22:29 | DuDu · age_up castle |
| 23:06 | abbsy23 · first_building Siege Workshop |
| 23:20 | ZaikomaZ · first_building Archery Range |
| 23:35 | DuDu · first_market_buy 100 wood |
| 23:39 | MartinusV · first_market_buy 100 stone |
| 23:41 | MartinusV · first_market_sell 100 food |
| 23:57 | Bananananna8 · first_building Castle |
| 25:06 | Bananananna8 · first_market_sell 100 wood |
| 25:37 | WING123456 · first_building Archery Range |
| 28:05 | MartinusV · first_building Castle |
[ AI ANALYSIS · 1 CREDIT ]
What really happened in this match?
Wolo.gg analyzes every decision: build order, eco, micro, common mistakes by bracket. Personalized analysis on WhatsApp or Discord in 30 seconds.
Civ guide
Poles
Map guide
Pilgrims
Perfil
abbsy23